 Dungeon Crawl Stone Soup version 0.25-a0-58-g9dd530fc12 (webtiles) character file.

Game seed: 16814649709918005133, levelgen mode: deterministic

122605 Inarius the Executioner (level 16, -2/147 HPs)
             Began as a Hill Orc Berserker on Oct 25, 2019.
             Was the Champion of Trog.
             Killed from afar by Arachne (18 damage)
             ... with a bolt of poison
             ... on level 3 of the Spider Nest on Oct 26, 2019.
             The game lasted 00:56:04 (28672 turns).

Inarius the Executioner (Hill Orc Berserker)       Turns: 28672, Time: 00:56:05

Health: -2/147     AC: 23    Str: 27    XL:     16   Next: 88%
Magic:  24/24      EV: 14    Int:  7    God:    Trog [******]
Gold:   1539       SH: 24    Dex: 12    Spells: 15/15 levels left

rFire    + . .     SeeInvis .   g - +8 broad axe (elec)
rCold    . . .     Gourm    .   C - +0 large shield
rNeg     . . .     Faith    .   t - quicksilver dragon scales
rPois    .         Spirit   .   X - +0 helmet
rElec    .         Reflect  +   H - +1 cloak
rCorr    .         Harm     .   N - +0 pair of gloves
MR       ++...     Clarity  +   D - +1 pair of boots {run}
Stlth    +.........             U - +3 amulet of reflection
HPRegen  0.34/turn              Y - +4 ring of evasion
MPRegen  0.19/turn              P - ring "Ylodoanobb" {rF+ Dex+2}

@: lethally poisoned (-2 -> -17), hasted, very quick
A: molten scales 1, clarity
a: Berserk, Trog's Hand, Brothers in Arms, Renounce Religion


You were on level 3 of the Spider Nest.
You worshipped Trog.
Trog was exalted by your worship.
You were very hungry.

You visited 4 branches of the dungeon, and saw 22 of its levels.
You also visited: Bailey.

You collected 2469 gold pieces.
You spent 930 gold pieces at shops.

Inventory:

Hand Weapons
 g - a +8 broad axe of electrocution (weapon)
 v - a +4 flail of protection
 L - the +3 broad axe "Appifr Sudi" {holy, *Noise rF+ Str+5}
   (Trog gifted it to you on level 10 of the Dungeon)

   It has been blessed by the Shining One to cause great damage to the undead
   and demons.
   It affects your strength (+5).
   It protects you from fire.
   It may make noises in combat.
 R - the +12 war axe of Zuralav {elec, Str+2 SInv}
   (Trog gifted it to you on level 6 of the Lair of Beasts)

   Occasionally, upon striking a foe, it will discharge some electrical energy
   and cause terrible harm.
   It affects your strength (+2).
   It lets you see invisible.
 V - a +9 antimagic broad axe
Missiles
 G - 7 javelins (quivered)
Armour
 t - quicksilver dragon scales (worn)
 B - +0 fire dragon scales
 C - a +0 large shield (worn)
 D - a +1 pair of boots of running (worn)
 E - a +0 plate armour
 H - a +1 cloak (worn)
 N - a +0 pair of gloves (worn)
 T - a +0 buckler of cold resistance
 X - a +0 helmet (worn)
Jewellery
 r - an uncursed ring of ice
 P - the ring "Ylodoanobb" (right hand) {rF+ Dex+2}
   (You found it on level 1 of the Lair of Beasts)

   [ring of protection from fire]

   It affects your dexterity (+2).
   It protects you from fire.
 Q - an uncursed amulet of the gourmand
 S - an uncursed ring of positive energy
 U - a +3 amulet of reflection (around neck)
 Y - a +4 ring of evasion (left hand)
Wands
 a - a wand of clouds (1)
 o - a wand of random effects (14)
 x - a wand of acid (9)
 y - a wand of enslavement (7)
 I - a wand of flame (30)
 O - a wand of iceblast (13)
 W - a wand of paralysis (3)
Scrolls
 d - 2 scrolls of blinking
 e - 3 scrolls of magic mapping
 h - 2 scrolls of holy word
 j - 10 scrolls of teleportation
 k - 9 scrolls of remove curse
 m - 4 scrolls of fog
 n - 6 scrolls of enchant armour
 u - a scroll of brand weapon
 F - 3 scrolls of immolation
Potions
 b - 2 potions of agility
 f - a potion of magic
 i - a potion of berserk rage
 l - 2 potions of haste
 p - 2 potions of curing
 q - a potion of invisibility
 s - a potion of might
 w - 2 potions of flight {unknown}
 z - 5 potions of mutation
 J - 3 potions of heal wounds
 K - 4 potions of brilliance {unknown}
 Z - a potion of cancellation {unknown}
Miscellaneous
 M - a phial of floods
Comestibles
 c - 41 rations


   Skills:
 + Level 14.7 Fighting
 * Level 21.7 Axes
 - Level 1.0(12.8) Maces & Flails
 - Level 1.6 Throwing
 + Level 10.6 Armour
 - Level 2.5 Dodging
 + Level 14.3 Shields
 * Level 11.6 Evocations


You had 15 spell levels left.
You didn't know any spells.
Your spell library contained the following spells:

 Spells                   Type           Power        Failure   Level  Hunger
 Confusing Touch          Hex            #.....       94%         1    ##.....
 Confuse                  Hex            #.......     100%        3    ####...
 Gell's Gravitas          Tloc           #.........   100%        3    ####...
 Petrify                  Tmut/Erth      #.......     100%        4    #####..
 Metabolic Englaciation   Hex/Ice        #.........   100%        5    ######.
 Yara's Violent Unravell  Hex/Tmut       #.........   100%        5    ######.


Dungeon Overview and Level Annotations

Branches:
Dungeon (11/15)            Temple (0/1) D:4            Lair (6/6) D:9
 Shoals (0/4) Lair:4       Spider (3/4) Lair:3        Slime (0/5) Lair:6
    Orc (2/2) D:10            Elf (0/3) Orc:2        Bailey (visited)

Altars:
Hepliaklqana
Jiyva

Shops:
D:8 (   Orc:1 *   Orc:2 (*:[!

Annotations:
Spider:2 1 runed translucent door, Cynry's ghost, journeyman HOMo
Spider:3 Arachne


Innate Abilities, Weirdness & Mutations

You are partially covered in molten scales. (AC +2)
You possess an exceptional clarity of mind.


Message History

You feel sick. Arachne casts a spell at you. The bolt of poison hits you!!
You are more poisoned.
* * * LOW HITPOINT WARNING * * *
You feel better.
Arachne hits you with an uncursed staff of poison!
* * * LOW HITPOINT WARNING * * *
You are poisoned.
You feel much better.
You feel sick.
Arachne stares at you and mumbles some strange words.
The bolt of poison hits you!!
You are more poisoned.
* * * LOW HITPOINT WARNING * * *
Unknown command.
You feel better.
Arachne stares at you and mumbles some strange words.
The bolt of poison hits you!!
You are poisoned.
You die...

#........................ ####
#.....)..................
#..####...........(...........
#...#.#####...................
##............................
##...........................
#...........................
##.......†..................
######........@...........†.†..
#..............H...>...........
#..............................
#.....†?.......................
##.............................
#..............................
#...............................
#..)............................
.............§.... .............


You could see Arachne.

Vanquished Creatures
  An orc warlord (Orc:1)
  2 emperor scorpions
  2 ghost moths
  An entropy weaver (Spider:2)
  Snorg (D:10)
  8 hydras
  Erica (D:8)
  A centaur warrior (D:11)
  3 catoblepae
  6 ogre magi
  19 two-headed ogres
  An orc high priest (Orc:2)
  A skeletal warrior (D:10)
  6 orb spiders
  An orc knight (Orc:2)
  14 wolf spiders
  4 orc sorcerers
  2 cyclopes
  16 elephants
  2 moths of wrath
  2 manticores
  Maurice (Orc:2)
  5 black mambas
  2 torpor snails
  2 gargoyles
  3 rime drakes
  10 spiny frogs
  A kobold demonologist (D:10)
  5 komodo dragons
  A tengu conjurer (D:10)
  4 demonic crawlers
  A queen bee (Lair:4)
  10 jumping spiders
  3 meliai (Lair:4)
  4 hornets (Lair:6)
  Grinder (D:5)
  8 trolls
  4 polar bears
  Prince Ribbit (D:7)
  14 hippogriffs
  14 blink frogs
  13 dream sheep
  4 flying skulls (D:10)
  5 shadows
  45 redbacks
  21 tarantellas
  11 spriggans
  12 wyverns
  5 wraiths (D:10)
  A fire bat (Bailey)
  54 yaks
  6 basilisks (Lair:6)
  4 hungry ghosts
  Menkaure (D:4)
  14 water moccasins
  5 wargs
  9 porcupines
  A hell hound (Lair:6)
  6 ice beasts
  3 sky beasts
  29 orc warriors
  2 phantoms
  3 black bears (Lair:6)
  10 centaurs
  27 ogres
  9 crocodiles
  28 wolves
  4 boggarts (Lair:6)
  A big kobold (D:6)
  23 bullfrogs
  A bullfrog (shapeshifter) (D:11)
  Blork the orc (D:6)
  A wyvern skeleton (D:10)
  A water moccasin skeleton (D:8)
  2 scorpions
  29 killer bees
  9 wights
  2 vampire bats (D:5)
  4 howler monkeys
  An electric eel (Lair:3)
  3 centaur zombies
  5 crimson imps
  A quasit (D:11)
  5 bullfrog zombies
  3 jellies
  8 centaur skeletons
  5 hounds
  19 orc wizards
  13 orc priests
  6 bullfrog skeletons
  3 iguanas
  Natasha (twice) (D:3)
  10 worker ants
  A killer bee zombie (D:10)
  3 hound zombies
  2 hound skeletons (D:10)
  A howler monkey zombie (D:10)
  A worker ant zombie (D:6)
  11 gnolls
  10 adders
  A river rat (Lair:4)
  A shadow imp (D:5)
  An adder zombie (D:6)
  4 oozes
  An adder skeleton (D:9)
  3 worms
  3 dart slugs
  3 leopard geckos
  64 orcs
  A ball python (D:5)
  15 bats
  7 giant cockroaches
  10 goblins
  3 hobgoblins
  2 jackals (D:5)
  16 kobolds
  3 quokkas
  4 frilled lizards
  A jackal skeleton (D:4)
  3 rats
  5 fungi
  2 plants
  A toadstool (Lair:3)
861 creatures vanquished.

Vanquished Creatures (collateral kills)
  Nikola (Spider:2)
  A wolf spider (Spider:2)
  A tarantella (Spider:2)
3 creatures vanquished.

Vanquished Creatures (others)
  A spiny frog (Lair:6)
  A redback (Spider:3)
  7 bushes (Lair:6)
  10 fungi
  7 plants
  9 toadstools (Lair:3)
35 creatures vanquished.

Grand Total: 899 creatures vanquished

Notes
Turn   | Place    | Note
-------+----------+-------------------------------------------
     0 | D:1      | Inarius the Hill Orc Berserker began the quest for the Orb.
     0 | D:1      | Reached XP level 1. HP: 19/19 MP: 1/1
    57 | D:1      | Reached XP level 2. HP: 15/27 MP: 2/2
   478 | D:1      | Reached XP level 3. HP: 33/33 MP: 3/3
   498 | D:1      | Reached skill level 5 in Axes
   969 | D:2      | Found a faded altar of an unknown god.
   978 | D:2      | Reached ** piety under Trog
  1015 | D:2      | Reached XP level 4. HP: 40/40 MP: 4/4
  1365 | D:2      | Reached skill level 6 in Axes
  1670 | D:3      | Reached XP level 5. HP: 47/47 MP: 5/5
  1963 | D:3      | Reached skill level 7 in Axes
  2249 | D:3      | Noticed Natasha
  2258 | D:3      | Killed Natasha
  2394 | D:3      | Noticed Natasha
  2406 | D:3      | Killed Natasha
  2406 | D:3      | Reached XP level 6. HP: 51/53 MP: 6/6
  2583 | D:4      | Found a staircase to the Ecumenical Temple.
  2664 | D:4      | Noticed a phantom
  2688 | D:4      | Killed a phantom
  2688 | D:4      | Reached skill level 8 in Axes
  2966 | D:4      | Noticed Menkaure
  2971 | D:4      | Killed Menkaure
  2971 | D:4      | Reached *** piety under Trog
  2971 | D:4      | Reached skill level 9 in Axes
  2971 | D:4      | Reached XP level 7. HP: 60/60 MP: 7/7
  3122 | D:4      | Found a hazy altar of Hepliaklqana.
  3199 | D:5      | Entered Level 5 of the Dungeon
  3280 | D:5      | Reached skill level 5 in Fighting
  3443 | D:5      | Noticed Grinder
  3453 | D:5      | Killed Grinder
  3453 | D:5      | Reached skill level 10 in Axes
  3534 | D:5      | Reached XP level 8. HP: 25/69 MP: 8/8
  4320 | D:5      | Reached skill level 1 in Evocations
  4390 | D:5      | Reached skill level 11 in Axes
  4688 | D:6      | Reached skill level 5 in Armour
  4711 | D:5      | Gained mutation: Scrolls take you a little longer to read.
                  | [potion of mutation]
  4711 | D:5      | Gained mutation: You are partially covered in molten
                  | scales. (AC +2) [potion of mutation]
  4711 | D:5      | Gained mutation: Armour fits poorly on your strangely
                  | shaped body. [potion of mutation]
  4711 | D:5      | Gained mutation: You are somewhat resistant to further
                  | mutation. [potion of mutation]
  4712 | D:5      | Lost mutation: Scrolls take you a little longer to read.
                  | [potion of mutation]
  4712 | D:5      | Lost mutation: You are somewhat resistant to further
                  | mutation. [potion of mutation]
  4712 | D:5      | Lost mutation: Armour fits poorly on your strangely shaped
                  | body. [potion of mutation]
  4712 | D:5      | Gained mutation: Your magical capacity is low. (-10% MP)
                  | [potion of mutation]
  4712 | D:5      | Lost mutation: Your magical capacity is low. (-10% MP)
                  | [potion of mutation]
  4712 | D:5      | Gained mutation: You possess an exceptional clarity of
                  | mind. [potion of mutation]
  4716 | D:5      | HP: 3/70 [poisoned by an orc wizard]
  4723 | D:5      | HP: 2/70 [poisoned by an orc wizard]
  4730 | D:5      | HP: 1/70 [poisoned by an orc wizard]
  4738 | D:5      | HP: 1/70 [poisoned by an orc wizard]
  5435 | D:6      | Reached XP level 9. HP: 74/75 MP: 10/10
  5670 | D:6      | Noticed Blork the orc
  5763 | D:6      | Killed Blork the orc
  5763 | D:6      | Reached skill level 12 in Axes
  6205 | D:7      | Noticed Prince Ribbit
  6212 | D:7      | Reached **** piety under Trog
  6226 | D:7      | Killed Prince Ribbit
  6264 | D:7      | Noticed a troll
  6273 | D:7      | Killed a troll
  6274 | D:7      | Received a gift from Trog
  6576 | D:8      | Reached skill level 13 in Axes
  6975 | D:8      | Noticed a two-headed ogre
  6991 | D:8      | Killed a two-headed ogre
  6991 | D:8      | Reached XP level 10. HP: 86/86 MP: 11/13
  7015 | D:8      | Found Disixat's Antique Weapon Emporium.
  7171 | D:8      | Reached skill level 14 in Axes
  7470 | D:8      | Noticed Erica
  7513 | D:8      | Killed Erica
  7803 | D:9      | Found a flagged portal.
  7828 | D:9      | Reached skill level 1 in Throwing
  7865 | Bailey   | Entered a bailey
  8174 | Bailey   | Reached skill level 1 in Shields
  8369 | Bailey   | Reached skill level 5 in Evocations
  8531 | Bailey   | Reached skill level 15 in Axes
  8743 | Bailey   | Reached XP level 11. HP: 91/94 MP: 14/14
  9749 | D:9      | Found a staircase to the Lair.
  9787 | D:9      | Reached ***** piety under Trog
 10240 | D:9      | Noticed a two-headed ogre
 10249 | D:9      | Killed a two-headed ogre
 10580 | D:10     | Entered Level 10 of the Dungeon
 10649 | D:10     | Noticed a two-headed ogre
 10662 | D:10     | Killed a two-headed ogre
 10662 | D:10     | Reached skill level 5 in Shields
 10869 | D:10     | Noticed Snorg
 10886 | D:10     | Killed Snorg
 10886 | D:10     | Reached skill level 16 in Axes
 10886 | D:10     | Reached XP level 12. HP: 104/104 MP: 16/16
 11017 | D:10     | Noticed a two-headed ogre
 11025 | D:10     | Killed a two-headed ogre
 11122 | D:10     | Found a staircase to the Orcish Mines.
 11524 | D:10     | Received a gift from Trog
 12403 | D:11     | Noticed a two-headed ogre
 12421 | D:10     | Reached skill level 10 in Fighting
 12803 | D:11     | Noticed a five-headed hydra
 12803 | D:11     | Noticed a two-headed ogre
 13001 | D:10     | Noticed a soul eater
 13287 | D:11     | Killed a two-headed ogre
 13335 | D:11     | Noticed an ogre mage
 13393 | D:10     | Killed a two-headed ogre
 13468 | D:10     | Killed an ogre mage
 13468 | D:10     | Reached skill level 17 in Axes
 13637 | D:10     | Received a gift from Trog
 13642 | D:10     | Got a translucent broad axe {god gift}
 13644 | D:10     | Identified the +3 broad axe "Appifr Sudi" {holy, *Noise rF+
                  | Str+5} (Trog gifted it to you on level 10 of the Dungeon)
 13702 | D:10     | Reached XP level 13. HP: 84/114 MP: 18/18
 14419 | D:11     | Reached skill level 1 in Maces & Flails
 15265 | Lair:1   | Entered Level 1 of the Lair of Beasts
 15621 | Lair:1   | Got a coiled turquoise ring
 15704 | Lair:1   | Identified the ring "Ylodoanobb" {rF+ Dex+2} (You found it
                  | on level 1 of the Lair of Beasts)
 15718 | Lair:1   | Reached skill level 18 in Axes
 16042 | Lair:2   | Received a gift from Trog
 16982 | Lair:3   | Reached skill level 10 in Shields
 17013 | Lair:3   | Found a hole to the Spider Nest.
 17124 | Lair:3   | Found a runed translucent door.
 17767 | Lair:4   | Reached XP level 14. HP: 124/124 MP: 20/20
 17982 | Lair:4   | Found a staircase to the Shoals.
 17987 | Lair:4   | Reached skill level 19 in Axes
 18330 | Lair:4   | Received a gift from Trog
 19702 | Lair:6   | Entered Level 6 of the Lair of Beasts
 20146 | Lair:6   | Received a gift from Trog
 20400 | Lair:6   | Reached skill level 10 in Evocations
 20647 | Lair:6   | Reached skill level 10 in Armour
 20850 | Lair:6   | Reached XP level 15. HP: 134/134 MP: 22/22
 21204 | Lair:6   | Reached skill level 20 in Axes
 21390 | Lair:6   | Received a gift from Trog
 21849 | Lair:6   | Got an iridescent war axe {god gift}
 21885 | Lair:6   | Found a runed translucent door.
 22333 | Lair:6   | Found a viscous altar of Jiyva.
 22335 | Lair:6   | Found a staircase to the Slime Pits.
 22975 | Orc:1    | Entered Level 1 of the Orcish Mines
 23276 | Orc:2    | Entered Level 2 of the Orcish Mines
 23327 | Orc:2    | Reached ****** piety under Trog
 23349 | Orc:2    | Noticed Maurice
 23357 | Orc:2    | Killed Maurice
 23418 | Orc:2    | Received a gift from Trog
 23484 | Orc:2    | Identified the +12 war axe of Zuralav {elec, Str+2 SInv}
                  | (Trog gifted it to you on level 6 of the Lair of Beasts)
 23622 | Orc:2    | Found Zalahez's Armour Shoppe.
 23622 | Orc:2    | Found Zyurug's Assorted Antiques.
 23623 | Orc:2    | Found Piuvoutz's Book Shop.
 23623 | Orc:2    | Found Ehext's Antique Weapon Emporium.
 23780 | Orc:2    | Bought a scroll labeled XAUPSA BADGHU for 21 gold pieces
 23780 | Orc:2    | Bought a scroll of identify for 42 gold pieces
 23780 | Orc:2    | Bought a ruby potion for 18 gold pieces
 23780 | Orc:2    | Bought a scroll of identify for 42 gold pieces
 23780 | Orc:2    | Bought a large marble ring for 105 gold pieces
 23833 | Orc:2    | Found a staircase to the Elven Halls.
 24227 | Orc:1    | Noticed an orc warlord
 24236 | Orc:1    | Received a gift from Trog
 24236 | Orc:1    | Reached XP level 16. HP: 145/145 MP: 8/24
 24424 | Orc:1    | Found Cetumaur's Assorted Antiques.
 24431 | Orc:1    | Bought a scroll of teleportation for 84 gold pieces
 24431 | Orc:1    | Bought a potion of haste for 280 gold pieces
 24431 | Orc:1    | Bought a scroll of identify for 56 gold pieces
 24607 | Orc:2    | Found Qaepp's Distillery.
 24615 | Orc:2    | Bought a potion of heal wounds for 80 gold pieces
 24615 | Orc:2    | Bought a potion of lignification for 48 gold pieces
 24739 | Orc:2    | Bought a +1 hat for 154 gold pieces
 24755 | Orc:2    | Upgraded the game from 0.25-a0-57-ga0c9b72eff to
                  | 0.25-a0-58-g9dd530fc12
 24940 | Spider:1 | Entered Level 1 of the Spider Nest
 25201 | Spider:1 | Reached skill level 21 in Axes
 26531 | Spider:2 | Noticed Nikola
 27124 | Spider:2 | Identified a +1 pair of boots of running (You found it on
                  | level 2 of the Spider Nest)
 27241 | Spider:2 | Found a runed translucent door.
 27243 | Spider:2 | Killed Nikola
 27247 | Spider:2 | Received a gift from Trog
 27490 | Spider:2 | Noticed Cynry's ghost (journeyman HOMo)
 28649 | Spider:3 | Noticed Arachne
 28672 | Spider:3 | Killed from afar by Arachne

Levels and vault maps discovered:
D:1:      psy_arrival_whirlpool, layout_loops_ring
D:2:      layout_basic, chequers_ecumenical_altar_simple, first_ration
D:3:      layout_rooms, minmay_liquid_box, uniq_natasha
D:4:      layout_basic, kennysheep_little_box, minmay_temple_entry_tees,
          uniq_menkaure
D:5:      layout_basic, roderic_batcave, uniq_grinder
D:6:      layout_rooms, uniq_blork_the_orc
D:7:      layout_rooms, uniq_prince_ribbit1
D:8:      layout_loops_corners, serial_shops, shop, uniq_erica
D:9:      layout_layer_cave, lair_entry_dummy, enter_bailey_2
D:10:     hangedman_screamer, layout_long_grid, uniq_snorg
D:11:     minmay_the_grid_octo_tiled_octocenter
          [minmay_the_grid_octo_thin_diamonds, minmay_the_grid_octo_77,
          minmay_the_grid_octo_horde, minmay_the_grid_octo_checkered,
          minmay_the_grid_octo_prize_big_c, minmay_the_grid_square_5x5_two,
          minmay_the_grid_square_5x5_tetrominoes,
          minmay_the_grid_square_5x5_inset, minmay_the_grid_square_5x5_plus],
          layout_cave_pools
Lair:1:   layout_long_grid
Lair:2:   layout_regular_city, st_stairs_7, beast_lair_carwin_1
Lair:3:   gammafunk_lair_enchanted_lake, layout_chaotic_city,
          spider_nest_entry_webs
Lair:4:   layout_cave_shapes, shoals_dummy_entry, special_room
          [special_room_bee], pond
Lair:5:   layout_long_grid, serial_bayou_pond_e, serial_bayou_crossing
Lair:6:   minmay_lair_end_enchanted_forest, layout_gridlike, slime_altar_2,
          special_room [special_room_mythical_zoo], lemuel_old_faithful,
          serial_bayou_shore_b, serial_bayou_shore_b
Spider:1: layout_spider_delve
Spider:2: nicolae_spider_mines_1, ebering_ghost_inner_flame,
          hangedman_spider_tarantella_strand, uniq_nikola
Spider:3: layout_spider_delve, uniq_arachne
Orc:1:    layout_caves, serial_shops, nicolae_shop_stone
Orc:2:    st_orc_ogre_mass, layout_caves, serial_shops, shop_fountains,
          uniq_maurice

Skill      XL: |  1  2  3  4  5  6  7  8  9 10 11 12 13 14 15 16 |
---------------+-------------------------------------------------+-----
Fighting       | 4 5 6 7 9 10 11 12 13 14 | 14.7
Axes           | 5 6 7 9 10 11 13 15 16 17 18 19 20 21 | 21.7
Armour         | 3 4 5 6 8 9 10 | 10.6
Dodging        | 2 |  2.5
Evocations     | 2 4 5 6 7 9 10 11 | 11.6
Throwing       | 1 |  1.6
Shields        | 2 6 8 10 11 13 14 | 14.3
Maces & Flails | 1 |  1.0

Action                   |  1- 3 |  4- 6 |  7- 9 | 10-12 | 13-15 | 16-18 || total
-------------------------+-------+-------+-------+-------+-------+-------++-------
Melee: Hand axe          |    99 |   168 |   400 |   849 |       |       ||  1516
       Broad axe         |       |       |       |    15 |   962 |   322 ||  1299
       Flail             |       |       |       |       |    73 |       ||    73
       War axe           |       |       |       |       |    51 |    28 ||    79
Throw: Javelin           |       |       |     1 |    29 |       |       ||    30
Invok: Berserk           |       |     2 |     4 |    14 |    23 |     2 ||    45
       Trog's Hand       |       |       |     2 |     5 |     2 |     3 ||    12
Evoke: Wand              |       |       |     7 |    17 |     5 |     6 ||    35
       Phial of floods   |       |       |       |       |       |     1 ||     1
  Use: Scroll            |       |     8 |     3 |     8 |    16 |     9 ||    44
       Potion            |       |       |     3 |     1 |       |     6 ||    10
 Stab: Paralysed         |       |       |     5 |       |       |     2 ||     7
  Eat: Chunk             |       |    16 |    25 |    41 |    48 |    10 ||   140
       Ration            |       |       |       |     1 |       |     2 ||     3
Armor: Animal skin       |     2 |       |       |       |       |       ||     2
       Chain mail        |    41 |    80 |   191 |       |       |       ||   312
       Quicksilver drago |       |       |    15 |   272 |   383 |   103 ||   773
Dodge: Dodged            |    36 |    68 |   143 |   160 |   253 |   124 ||   784
Block: Large shield      |       |       |       |   524 |  1014 |   400 ||  1938
       Reflection        |       |       |       |       |     4 |     2 ||     6

Table legend:
 A = Non-vault XP
 B = Vault XP
 C = Vault XP percentage of total XP
 D = Non-vault monster count
 E = Vault monster count
 F = Vault count percentage of total count
                 A         B        C        D         E       F
            +---------+---------+-------+---------+---------+-------
      Total |  109869 |   65281 |  37.3 |     580 |     276 |  32.2
            +---------+---------+-------+---------+---------+-------
        D:1 |      44 |       0 |   0.0 |      23 |       0 |   0.0
        D:2 |      92 |       0 |   0.0 |      22 |       0 |   0.0
        D:3 |     169 |      36 |  17.6 |      18 |       1 |   5.3
        D:4 |     274 |     172 |  38.6 |      13 |       1 |   7.1
        D:5 |     650 |     411 |  38.7 |      22 |      10 |  31.2
        D:6 |     914 |      87 |   8.7 |      24 |       1 |   4.0
        D:7 |     717 |     274 |  27.6 |       9 |       1 |  10.0
        D:8 |    2519 |     929 |  26.9 |      23 |       1 |   4.2
        D:9 |    4310 |       0 |   0.0 |      32 |       0 |   0.0
       D:10 |    8045 |   11196 |  58.2 |      44 |      42 |  48.8
       D:11 |    1564 |    6473 |  80.5 |      13 |      19 |  59.4
     Lair:1 |    2937 |       0 |   0.0 |      19 |       0 |   0.0
     Lair:2 |    2750 |    1335 |  32.7 |      14 |       8 |  36.4
     Lair:3 |    5161 |    3655 |  41.5 |      19 |      10 |  34.5
     Lair:4 |    5767 |    2826 |  32.9 |      21 |      28 |  57.1
     Lair:5 |    6944 |    1577 |  18.5 |      17 |       4 |  19.0
     Lair:6 |   16455 |   13563 |  45.2 |      54 |      68 |  55.7
   Spider:1 |   20656 |       0 |   0.0 |      61 |       0 |   0.0
   Spider:2 |    7112 |    3132 |  30.6 |      19 |       6 |  24.0
   Spider:3 |   10588 |       0 |   0.0 |      24 |       0 |   0.0
      Orc:1 |    7576 |       0 |   0.0 |      50 |       0 |   0.0
      Orc:2 |    4625 |   17223 |  78.8 |      39 |      37 |  48.7
     Bailey |       0 |    2392 | 100.0 |       0 |      39 | 100.0
            +---------+---------+-------+---------+---------+-------
